TOP OF THE 1ST |
Montgomery Biscuits batting - Pitching for Trenton Thunder : LHP Omar Quinones
|
Pitching: LHP Omar Quinones
|
|
Batting: LHB Bill McGregor
|
0-0: Ball 1-0: Called Strike 1-1: Called Strike 1-2: Strikes out looking
|
Batting: RHB Jonathan Fraire
|
0-0: Ball 1-0: Fly out, F9 (Flyball, 9S, EV 95.0 MPH)
|
Batting: RHB David Ward
|
0-0: Reached on error, E6 (Groundball, 6, EV 83.1 MPH)
|
Batting: SHB Lou Kroneman
|
0-0: SINGLE (Line Drive, 9S, EV 93.1 MPH) David Ward to second Runner from 2nd tries for 3rd, SAFE, throw by RF made to third
|
Batting: SHB Wayne Hattan
|
0-0: Foul Ball, location: 2F 0-1: Ball 1-1: Fly out, F8 (Line Drive, 8LM, EV 104.4 MPH)
|
Top of the 1st over - 0 runs, 1 hit, 1 error, 2 left on base; Montgomery 0 - Trenton 0 |
BOTTOM OF THE 1ST |
Trenton Thunder batting - Pitching for Montgomery Biscuits : RHP Eric Smith
|
Pitching: RHP Eric Smith
|
|
Batting: RHB Tim Osborn
|
0-0: Ground out 4-3 (Groundball, 4, EV 85.6 MPH)
|
Batting: SHB Ryan Buchbinder
|
0-0: Ball 1-0: Foul Ball, location: 2F 1-1: Foul Ball, location: 2F 1-2: Foul Ball, location: 2F 1-2: Foul Ball, location: 2F 1-2: Foul Ball, location: 2F 1-2: Ground out 5-3 (Groundball, 56, EV 97.5 MPH)
|
Batting: LHB Bobby Upton
|
0-0: Called Strike 0-1: Ball 1-1: Ball 2-1: Foul Ball, location: 2F 2-2: Ball 3-2: Foul Ball, location: 2F 3-2: Base on Balls
|
Batting: RHB Jose Tovar
|
0-0: Ball 1-0: Fly out, F8 (Flyball, 8LM, EV 83.8 MPH)
|
Bottom of the 1st over - 0 runs, 0 hits, 0 errors, 1 left on base; Montgomery 0 - Trenton 0 |
TOP OF THE 2ND |
Montgomery Biscuits batting - Pitching for Trenton Thunder : LHP Omar Quinones
|
Batting: LHB Mark Marvin
|
0-0: Ball 1-0: Ball 2-0: Ball 3-0: Base on Balls
|
Batting: RHB Freddy Mullen
|
0-0: Ball 1-0: SINGLE (Groundball, 4MD, EV 95.6 MPH) Mark Marvin to second Runner from 2nd tries for 3rd, SAFE, throw by CF made to third
|
Batting: SHB Julio Hernandez
|
0-0: Called Strike 0-1: Swinging Strike 0-2: Ball 1-2: Ball 2-2: Grounds into double play, 5-4-3 (Groundball, 5S, EV 85.6 MPH) Mark Marvin scores
|
Batting: RHB Chris Glavin
|
0-0: Ball 1-0: Swinging Strike 1-1: Called Strike 1-2: Ball 2-2: Ball 3-2: Strikes out swinging
|
Top of the 2nd over - 1 run, 1 hit, 0 errors, 0 left on base; Montgomery 1 - Trenton 0 |
BOTTOM OF THE 2ND |
Trenton Thunder batting - Pitching for Montgomery Biscuits : RHP Eric Smith
|
Batting: RHB Larry Martell
|
0-0: Ball 1-0: SINGLE (Line Drive, 4D, EV 103.1 MPH)
|
Batting: RHB Christian Shearer
|
0-0: Grounds into double play, 4-6-3 (Groundball, 4, EV 81.9 MPH)
|
Batting: RHB Dale Altman
|
0-0: Called Strike 0-1: DOUBLE (Groundball, 3L, EV 106.2 MPH)
|
Batting: SHB David Stewart
|
0-0: Fly out, F9 (Flyball, 9D, EV 81.2 MPH)
|
Bottom of the 2nd over - 0 runs, 2 hits, 0 errors, 1 left on base; Montgomery 1 - Trenton 0 |
TOP OF THE 3RD |
Montgomery Biscuits batting - Pitching for Trenton Thunder : LHP Omar Quinones
|
Batting: LHB Bill McGregor
|
0-0: Called Strike 0-1: Ball 1-1: Foul Ball, location: 2F 1-2: Ball 2-2: Ball 3-2: Fly out, F9 (Flyball, 9LS, EV 75.0 MPH)
|
Batting: RHB Jonathan Fraire
|
0-0: Ball 1-0: Fly out, F8 (Flyball, 8LM, EV 93.1 MPH)
|
Batting: RHB David Ward
|
0-0: Ground out 5-3 (Groundball, 5L, EV 102.5 MPH)
|
Top of the 3rd over - 0 runs, 0 hits, 0 errors, 0 left on base; Montgomery 1 - Trenton 0 |
BOTTOM OF THE 3RD |
Trenton Thunder batting - Pitching for Montgomery Biscuits : RHP Eric Smith
|
Batting: RHB John Sabean
|
0-0: Called Strike 0-1: Ball 1-1: Ball 2-1: Ground out 6-3 (Groundball, 6, EV 83.8 MPH)
|
Batting: RHB Tim Osborn
|
0-0: Ball 1-0: SOLO HOME RUN (Flyball, 9LD, EV 93.1 MPH), Distance : 351 ft
|
Batting: SHB Ryan Buchbinder
|
0-0: Ball 1-0: Ball 2-0: Called Strike 2-1: Called Strike 2-2: Strikes out swinging
|
Batting: LHB Bobby Upton
|
0-0: Ball 1-0: Ball 2-0: Called Strike 2-1: Called Strike 2-2: Foul Ball, location: 2F 2-2: Ball 3-2: Foul Ball, location: 2F 3-2: Ground out 6-3 (Groundball, P, EV 84.4 MPH)
|
Bottom of the 3rd over - 1 run, 1 hit, 0 errors, 0 left on base; Montgomery 1 - Trenton 1 |
TOP OF THE 4TH |
Montgomery Biscuits batting - Pitching for Trenton Thunder : LHP Omar Quinones
|
Batting: SHB Lou Kroneman
|
0-0: Ball 1-0: Ball 2-0: Ball 3-0: Base on Balls
|
Batting: SHB Wayne Hattan
|
0-0: Swinging Strike 0-1: Ball 1-1: Foul Ball, location: 2F 1-2: Ball 2-2: Foul Ball, location: 2F 2-2: Fly out, F9 (Flyball, 89M, EV 86.2 MPH)
|
Batting: LHB Mark Marvin
|
0-0: Ball 1-0: Called Strike 1-1: Swinging Strike 1-2: Strikes out swinging
|
Batting: RHB Freddy Mullen
|
0-0: Ball 1-0: Swinging Strike 1-1: SINGLE (Groundball, P, EV 82.5 MPH) (infield hit) Lou Kroneman to second
|
Batting: SHB Julio Hernandez
|
0-0: SINGLE (Line Drive, 8LS, EV 105.0 MPH) Lou Kroneman to third Freddy Mullen to second Runner from 3rd tries for Home, throw by LF and OUT! 7-2
|
Top of the 4th over - 0 runs, 2 hits, 0 errors, 2 left on base; Montgomery 1 - Trenton 1 |
BOTTOM OF THE 4TH |
Trenton Thunder batting - Pitching for Montgomery Biscuits : RHP Eric Smith
|
Batting: RHB Jose Tovar
|
0-0: Foul Ball, location: 2F 0-1: Swinging Strike 0-2: Ground out 5-3 (Groundball, 56S, EV 70.0 MPH)
|
Batting: RHB Larry Martell
|
0-0: Ball 1-0: Ball 2-0: Fly out, F4 (Popup, 34D, EV 51.2 MPH)
|
Batting: RHB Christian Shearer
|
0-0: Ball 1-0: Swinging Strike 1-1: Ball 2-1: Ball 3-1: Called Strike 3-2: Fly out, F8 (Line Drive, 89D, EV 92.5 MPH)
|
Bottom of the 4th over - 0 runs, 0 hits, 0 errors, 0 left on base; Montgomery 1 - Trenton 1 |
TOP OF THE 5TH |
Montgomery Biscuits batting - Pitching for Trenton Thunder : LHP Omar Quinones
|
Batting: RHB Chris Glavin
|
0-0: Ground out 4-3 (Groundball, 4, EV 84.4 MPH)
|
Batting: LHB Bill McGregor
|
0-0: Foul Ball, location: 2F 0-1: Foul Ball, location: 2F 0-2: Fly out, F4 (Line Drive, 4, EV 71.2 MPH)
|
Batting: RHB Jonathan Fraire
|
0-0: Ball 1-0: Foul Ball, location: 2F 1-1: Foul Ball, location: 2F 1-2: Foul Ball, location: 2F 1-2: DOUBLE (Groundball, 5L, EV 95.0 MPH)
|
Batting: RHB David Ward
|
0-0: Foul Ball, location: 2F 0-1: Fly out, F8 (Flyball, 8LS, EV 86.9 MPH)
|
Top of the 5th over - 0 runs, 1 hit, 0 errors, 1 left on base; Montgomery 1 - Trenton 1 |
BOTTOM OF THE 5TH |
Trenton Thunder batting - Pitching for Montgomery Biscuits : RHP Eric Smith
|
Batting: RHB Dale Altman
|
0-0: Fly out, F9 (Flyball, 9D, EV 83.1 MPH)
|
Batting: SHB David Stewart
|
0-0: Ball 1-0: Ball 2-0: Ball 3-0: Called Strike 3-1: Called Strike 3-2: Base on Balls
|
Batting: RHB John Sabean
|
0-0: Ball 1-0: Ball 2-0: Called Strike 2-1: Swinging Strike 2-2: Strikes out swinging
|
Batting: RHB Tim Osborn
|
0-0: Ball 1-0: Hit by Pitch David Stewart to second
|
Batting: SHB Ryan Buchbinder
|
0-0: Called Strike 0-1: Swinging Strike 0-2: Strikes out swinging
|
Bottom of the 5th over - 0 runs, 0 hits, 0 errors, 2 left on base; Montgomery 1 - Trenton 1 |
TOP OF THE 6TH |
Montgomery Biscuits batting - Pitching for Trenton Thunder : LHP Omar Quinones
|
Batting: SHB Lou Kroneman
|
0-0: Ball 1-0: Foul Ball, location: 2F 1-1: Ball 2-1: Called Strike 2-2: Foul Ball, location: 2F 2-2: SINGLE (Line Drive, 4MD, EV 94.4 MPH)
|
Pinch Runner at 1st Dan Hunt:
|
|
Batting: SHB Wayne Hattan
|
0-0: Foul Ball, location: 2F 0-1: Called Strike 0-2: Foul Ball, location: 2F 0-2: Ball 1-2: Foul Ball, location: 2F 1-2: Ball 2-2: Fly out, F9 (Flyball, 89M, EV 86.2 MPH)
|
Batting: LHB Mark Marvin
|
0-0: DOUBLE (Line Drive, 78M, EV 93.8 MPH) Dan Hunt to third Runner from 3rd tries for Home, SAFE, no throw by CF
|
Pitching: RHP Antonio Castillo
|
|
Batting: RHB Freddy Mullen
|
0-0: Ground out 6-3 (Groundball, 6D, EV 98.8 MPH)
|
Batting: SHB Julio Hernandez
|
0-0: Ground out 4-3 (Groundball, 4, EV 86.2 MPH)
|
Top of the 6th over - 1 run, 2 hits, 0 errors, 1 left on base; Montgomery 2 - Trenton 1 |
BOTTOM OF THE 6TH |
Trenton Thunder batting - Pitching for Montgomery Biscuits : RHP Eric Smith
|
Now at SS: Alex Genao
|
|
Batting: LHB Bobby Upton
|
0-0: Ball 1-0: Called Strike 1-1: Foul Ball, location: 2F 1-2: Ground out 4-3 (Groundball, 4, EV 105.6 MPH)
|
Pitching: RHP Luis Cubero
|
|
Batting: RHB Jose Tovar
|
0-0: Called Strike 0-1: Swinging Strike 0-2: Strikes out swinging
|
Batting: RHB Larry Martell
|
0-0: Called Strike 0-1: Swinging Strike 0-2: Strikes out swinging
|
Bottom of the 6th over - 0 runs, 0 hits, 0 errors, 0 left on base; Montgomery 2 - Trenton 1 |
TOP OF THE 7TH |
Montgomery Biscuits batting - Pitching for Trenton Thunder : RHP Antonio Castillo
|
Batting: RHB Chris Glavin
|
0-0: Called Strike 0-1: Ground out 6-3 (Groundball, 6M, EV 80.6 MPH)
|
Batting: LHB Bill McGregor
|
0-0: Foul Ball, location: 2F 0-1: Fly out, F8 (Line Drive, 8LM, EV 96.2 MPH)
|
Batting: RHB Jonathan Fraire
|
0-0: Ball 1-0: Swinging Strike 1-1: Foul Ball, location: 2F 1-2: Ground out 5-3 (Groundball, 5L, EV 103.8 MPH)
|
Top of the 7th over - 0 runs, 0 hits, 0 errors, 0 left on base; Montgomery 2 - Trenton 1 |
BOTTOM OF THE 7TH |
Trenton Thunder batting - Pitching for Montgomery Biscuits : RHP Luis Cubero
|
Batting: RHB Christian Shearer
|
0-0: Fly out, F4 (Line Drive, 4, EV 71.2 MPH)
|
Batting: RHB Dale Altman
|
0-0: Ground out 2-3 (Groundball, 13S, EV 66.2 MPH)
|
Batting: SHB David Stewart
|
0-0: Called Strike 0-1: Ball 1-1: Swinging Strike 1-2: Strikes out swinging
|
Bottom of the 7th over - 0 runs, 0 hits, 0 errors, 0 left on base; Montgomery 2 - Trenton 1 |
TOP OF THE 8TH |
Montgomery Biscuits batting - Pitching for Trenton Thunder : RHP Antonio Castillo
|
Pitching: RHP Jimmy Williams
|
|
Batting: RHB David Ward
|
0-0: Ball 1-0: Called Strike 1-1: Foul Ball, location: 2F 1-2: Foul Ball, location: 2F 1-2: Foul Ball, location: 2F 1-2: Foul Ball, location: 2F 1-2: Ball 2-2: Strikes out swinging
|
Batting: LHB Alex Genao
|
0-0: Called Strike 0-1: Swinging Strike 0-2: Ground out 5-3 (Groundball, 6, EV 89.4 MPH)
|
Batting: SHB Wayne Hattan
|
0-0: Swinging Strike 0-1: Foul Ball, location: 2F 0-2: Fly out, F5 (Line Drive, 5L, EV 71.2 MPH)
|
Top of the 8th over - 0 runs, 0 hits, 0 errors, 0 left on base; Montgomery 2 - Trenton 1 |
BOTTOM OF THE 8TH |
Trenton Thunder batting - Pitching for Montgomery Biscuits : RHP Luis Cubero
|
Batting: RHB John Sabean
|
0-0: Ball 1-0: Fly out, F8 (Flyball, 8RD, EV 95.0 MPH)
|
Batting: RHB Tim Osborn
|
0-0: Called Strike 0-1: Called Strike 0-2: Ground out 4-3 (Groundball, 4M, EV 103.1 MPH)
|
Batting: SHB Ryan Buchbinder
|
0-0: Ground out 6-3 (Groundball, 6, EV 83.8 MPH)
|
Bottom of the 8th over - 0 runs, 0 hits, 0 errors, 0 left on base; Montgomery 2 - Trenton 1 |
TOP OF THE 9TH |
Montgomery Biscuits batting - Pitching for Trenton Thunder : RHP Jimmy Williams
|
Pitching: LHP Nick Turner
|
|
Batting: LHB Mark Marvin
|
0-0: Swinging Strike 0-1: Foul Ball, location: 2F 0-2: Strikes out swinging
|
Pitching: RHP Eddie Aguilar
|
|
Batting: RHB Freddy Mullen
|
0-0: Reached on error, E4 (Groundball, 4, EV 78.1 MPH)
|
Batting: SHB Julio Hernandez
|
0-0: Intentional Walk
|
Pinch Runner at 2nd Kunizo Yanagisawa:
|
|
Batting: RHB Chris Glavin
|
0-0: Swinging Strike 0-1: Called Strike 0-2: Strikes out swinging
|
Batting: LHB Bill McGregor
|
0-0: Foul Ball, location: 2F 0-1: Ball 1-1: Ball 2-1: Fly out, F7 (Flyball, 7S, EV 91.2 MPH)
|
Top of the 9th over - 0 runs, 0 hits, 1 error, 2 left on base; Montgomery 2 - Trenton 1 |
BOTTOM OF THE 9TH |
Trenton Thunder batting - Pitching for Montgomery Biscuits : RHP Luis Cubero
|
Pitching: RHP Al Speer
|
|
Now at C: Kunizo Yanagisawa
|
|
Batting: LHB Bobby Upton
|
0-0: Swinging Strike 0-1: SINGLE (Groundball, 56, EV 96.9 MPH)
|
Batting: RHB Jose Tovar
|
0-0: Ball 1-0: Called Strike 1-1: Swinging Strike 1-2: Strikes out swinging
|
Batting: RHB Larry Martell
|
0-0: Ball 1-0: SINGLE (Groundball, 6MD, EV 108.1 MPH) Bobby Upton to second
|
Batting: RHB Christian Shearer
|
0-0: Ground out 5-3 (Groundball, 56S, EV 65.0 MPH) Bobby Upton to third Larry Martell to second
|
Batting: RHB Dale Altman
|
0-0: Called Strike 0-1: Called Strike 0-2: Foul Ball, location: 2F 0-2: Ball 1-2: Strikes out swinging
|
Bottom of the 9th over - 0 runs, 2 hits, 0 errors, 2 left on base; Montgomery 2 - Trenton 1 |
|